 Dungeon Crawl Stone Soup version 0.31-a0-977-gc230f8ef24 (webtiles) character file.

Game seed: 2954187639400825480

84 timneilson the Ruffian (level 4, -1/43 HPs)
             Began as an Octopode Shapeshifter on Oct 29, 2023.
             Constricted to death by Ijyb (3 damage)
             ... on level 3 of the Dungeon.
             The game lasted 00:03:46 (1386 turns).

timneilson the Ruffian (Octopode Shapeshifter)      Turns: 1386, Time: 00:03:48

Health: -1/43      AC: 22    Str: 15    XL:     4   Next: 46%
Magic:  5/5        EV: -1    Int: 12    God:
Gold:   175        SH:  0    Dex: 11    Spells: 4/4 levels left

rFire   . .          .
                       - Unarmed
rCold   . . .        (no shield)
rNeg    . . .        (helmet currently unavailable)
rPois   +            (no amulet)
rElec   .            g - +4 ring of slaying
rCorr   .            (no ring)
SInv    .            (no ring)
Will    .....        (no ring)
Stlth   ++           (no ring)
HPRegen 0.27/turn    (no ring)
MPRegen 0.09/turn    (no ring)
                     (no ring)

%: no passive effects
@: tree-form, grasped by roots, constricted
A: stationary, stasis, torment immunity, boosted hp, almost no armour,
(amphibious), 8 rings, (camouflage 1), (gelatinous body 1), (nimble swimmer 1),
(tentacles)
a: no special abilities


You were on level 3 of the Dungeon.
You were a tree.
You visited 1 branch of the dungeon, and saw 3 of its levels.

You collected 175 gold pieces.

Inventory:

Jewellery
 g - a +4 ring of slaying (left branch)
Talismans
 b - a beast talisman
 c - a flux talisman
Scrolls
 f - 2 scrolls of teleportation
 j - a scroll of blinking
 k - a scroll of identify
Potions
 a - 2 potions of lignification
 d - a potion of enlightenment {unknown}
 e - a potion of curing {unknown}
 h - 2 potions of attraction
 i - 2 potions of might {unknown}


   Skills:
 * Level 2.0 Fighting
 * Level 2.6 Dodging
 + Level 1.3 Stealth
 * Level 3.5 Unarmed Combat
 + Level 0.8 Spellcasting
 * Level 3.3 Shapeshifting


You had 4 spell levels left.
You didn't know any spells.
Your spell library was empty.

Dungeon Overview and Level Annotations

Branches:
Dungeon (3/15)

Altars:
Zin
The Shining One

Shops:
D:1 *   D:2 *(   D:3 *

Annotations:
D:3 Ijyb


Innate Abilities, Weirdness & Mutations

You are a tree.
Your roots penetrate the ground, keeping you stationary.
You cannot be teleported.
You are immune to unholy pain and torment.
Your maximum health is greatly increased.
You cannot wear most types of armour.
((You are amphibious.))
You can wear up to eight rings at the same time.
((Your skin changes colour to match your surroundings (Stealth+).))
((Your rubbery body absorbs attacks. (AC +1, EV +1)))
((You are camouflaged when in or above water. (Stealth+)))
((You have tentacles for arms and can constrict up to eight enemies at once.))


Message History

You tentacle-slap Ijyb but do no damage.
You grab Ijyb. You constrict Ijyb, but do no damage.
Ijyb hits you but does no damage. The grasping roots constrict you.
Unknown command.
You tentacle-slap Ijyb.
Ijyb is moderately wounded.
You constrict Ijyb.
Ijyb grins evilly.
Ijyb hits you but does no damage. The grasping roots constrict you!
You tentacle-slap Ijyb but do no damage.
Ijyb is moderately wounded.
You constrict Ijyb, but do no damage. The endoplasm freezes you.
You are frozen.
Ijyb hits you with a +0 club. The grasping roots constrict you.
* * * LOW HITPOINT WARNING * * *
The grasping roots release their grip on you.
Your transformation has ended.
You turn into a tree.
Your roots penetrate the ground.
You lose your grip on Ijyb.
The endoplasm completely misses you. Ijyb hits you but does no damage.
You hit Ijyb but do no damage.
Ijyb is moderately wounded.
The endoplasm freezes you.
You are frozen.
* * * LOW HITPOINT WARNING * * *
Ijyb hits you but does no damage.
You closely miss Ijyb.
Ijyb is moderately wounded.
Ijyb zaps a wand.
The roots erupt in riotous growth!
The grasping roots grab you!
Ijyb is unaffected.
The endoplasm is unaffected.
The grasping roots constrict you.
The endoplasm hits you but does no damage.
You smack Ijyb!
Ijyb is severely wounded.
The endoplasm freezes you.
You are frozen.
* * * LOW HITPOINT WARNING * * *
Ijyb hits you but does no damage. The grasping roots constrict you.
You die...

#########
..>.....####
#....########
#####.###♣g..$...
#.....# #J.#.#...
#.###..#..... #.#
#.###......
#.###.###..#.#....##
#.........#.# .#.##
#####.####### .#.#
#.# .... #.#


You could see Ijyb and an endoplasm.

Vanquished Creatures
  3 adders (D:2)
  A worm (D:2)
  2 dart slugs
  3 ball pythons (D:2)
  2 bats
  9 endoplasms
  4 goblins
  5 hobgoblins (D:1)
  3 jackals (D:1)
  4 kobolds
  4 quokkas
  2 frilled lizards (D:1)
  A rat (D:1)
43 creatures vanquished.

Notes
Turn   | Place    | Note
-------+----------+-------------------------------------------
     0 | D:1      | timneilson the Octopode Shapeshifter began the quest for
                  | the Orb.
     0 | D:1      | Reached XP level 1. HP: 13/13 MP: 1/1
    31 | D:1      | Found Miczi's Assorted Antiques.
   167 | D:1      | Reached XP level 2. HP: 18/18 MP: 2/2
   405 | D:1      | Reached XP level 3. HP: 19/23 MP: 3/3
   469 | D:1      | Reached skill level 1 in Stealth
   755 | D:2      | Reached XP level 4. HP: 26/29 MP: 5/5
   780 | D:2      | Found a faded altar of an unknown god.
   780 | D:2      | Noticed an eye of devastation
   796 | D:2      | Noticed a golden eye
   796 | D:2      | Noticed a glass eye
   796 | D:2      | Noticed a golden eye
   809 | D:2      | Found a glowing golden altar of the Shining One.
   869 | D:2      | Found Yhoon's Weapon Shoppe.
   985 | D:2      | Found Usydeci's General Store.
  1310 | D:3      | Found Zin's Purification Station.
  1312 | D:3      | Found a glowing silver altar of Zin.
  1373 | D:3      | Noticed Ijyb
  1386 | D:3      | HP: 2/43 [frozen (2)]
  1386 | D:3      | Constricted to death by Ijyb

Illustrated notes

Levels and vault maps discovered:
D:1:      saegor_arrival_simple_e, layout_loops_cross, serial_shops,
          nicolae_shop_dealshenge, minmay_misc_feat_nine_boxes
D:2:      layout_basic, serial_shops, nicolae_shop_behind_doors,
          nicolae_diamond_shop, hellmonk_ecumenical_altar_watching_god,
          basic_altar
D:3:      layout_loops_corners, zin_purify, serial_shops,
          nicolae_shop_gibbet_a_chance, st_stairs_9, uniq_ijyb, uniq_natasha,
          uniq_sigmund

Skill      XL: |  1  2  3  4 |
---------------+-------------+-----
Stealth        | 1 |  1.3
Fighting       | 2 |  2.0
Dodging        | |  2.6
Unarmed Combat | |  3.5
Spellcasting   | |  0.8
Shapeshifting  | |  3.3

Action                     |  1- 3 |  4- 6 || total
---------------------------+-------+-------++-------
  Melee: Unarmed           |    51 |    24 ||    75
         Tentacles         |    10 |     6 ||    16
         Constrict         |    11 |     6 ||    17
         Punch             |     1 |       ||     1
    Use: Scroll            |     3 |     3 ||     6
         Potion            |       |     1 ||     1
   Stab: Sleeping          |     6 |     5 ||    11
 Armour: Skin              |    16 |     9 ||    25
  Dodge: Dodged            |    18 |    14 ||    32

Table legend: (Time is in decaauts)
 A = Elapsed time spent in this place.
 B = Non-inter-level travel time spent in this place.
 C = Inter-level travel time spent in this place.
 D = Time resting spent in this place.
 E = Time spent auto-exploring this place.
 F = Levels seen in this place.
 G = Mean time per level.
                   A        B        C        D        E       F      G
               +--------+--------+--------+--------+--------+-----+--------+
         Total |   1380 |   1350 |     30 |     41 |    881 |   3 |  460.0 |
       Dungeon |   1380 |   1350 |     30 |     41 |    881 |   3 |  460.0 |
               +--------+--------+--------+--------+--------+-----+--------+

Top non-repeatable levels by time:
     D:1: 680 daAuts
     D:2: 621 daAuts
     D:3: 79 daAuts
